 Dungeon Crawl Stone Soup version 0.24-a0-462-ge24419a6ad (webtiles) character file.

Game seed: 10245671471329160328

2630 nikopol the Cleaver (level 9, -11/78 HPs)
             Began as a Minotaur Berserker on July 1, 2019.
             Was an Elder of Trog.
             Mangled by an orc warrior
             ... wielding a +0 trident
              (20 damage)
             ... in a bailey.
             The game lasted 00:12:55 (5994 turns).

nikopol the Cleaver (Minotaur Berserker)            Turns: 5994, Time: 00:12:56

Health: -11/78     AC:  8    Str: 26    XL:     9   Next: 35%
Magic:  8/8        EV: 12    Int:  4    God:    Trog [****..]
Gold:   323        SH:  0    Dex:  9    Spells: 8/8 levels left

rFire    . . .     SeeInvis +   a - +5 war axe
rCold    . . .     Gourm    .   (no shield)
rNeg     . . .     Faith    .   g - +0 scale mail
rPois    .         Spirit   .   (helmet restricted)
rElec    .         Reflect  .   (no cloak)
rCorr    .         Harm     .   (no gloves)
MR       .....                  (no boots)
Stlth    ..........             (no amulet)
HPRegen  0.23/turn              G - ring of see invisible
MPRegen  0.11/turn              (no ring)

@: berserk cooldown, slowed, studying Armour, very slow
A: retaliatory headbutt, horns 2
a: Berserk, Trog's Hand, Brothers in Arms, Renounce Religion


You were in a bailey.
You worshipped Trog.
Trog was greatly pleased with you.
You were very hungry.

You visited 1 branch of the dungeon, and saw 7 of its levels.
You also visited: Bailey.

You collected 323 gold pieces.

Inventory:

Hand Weapons
 a - a +5 war axe (weapon)
Missiles
 B - 16 arrows
 E - 63 bolts
Armour
 g - a +0 scale mail (worn)
Jewellery
 l - an uncursed ring of poison resistance
 m - an uncursed ring of protection from fire
 o - an uncursed ring of flight
 x - an uncursed ring of protection from cold
 G - a ring of see invisible (left hand)
Wands
 q - a wand of enslavement (5)
Scrolls
 d - a scroll of identify
 e - a scroll of magic mapping
 h - a scroll of noise {unknown}
 j - 2 scrolls of fear {unknown}
 k - 4 scrolls of remove curse
 n - 3 scrolls of amnesia {unknown}
 p - 3 scrolls of teleportation {unknown}
 s - a scroll of enchant armour {unknown}
 u - a scroll of fog {unknown}
Potions
 f - 2 potions of might
 i - 2 potions of flight
 r - a potion of resistance
 t - a potion of heal wounds {unknown}
 v - a potion of lignification {unknown}
 w - 2 potions of curing
 z - 3 potions of degeneration
 C - 2 potions of agility
Books
 y - a manual of Armour
Comestibles
 b - a chunk of flesh
 c - 17 rations


   Skills:
 + Level 6.8 Fighting
 + Level 10.7 Axes
 + Level 8.7 Armour
 + Level 5.2 Dodging
 + Level 1.6 Stealth
 + Level 0.4 Evocations


You had 8 spell levels left.
You didn't know any spells.
Your spell library was empty.

Dungeon Overview and Level Annotations

Branches:
Dungeon (7/15)             Temple (0/1) D:5

Altars:
Cheibriados
Elyvilon
Makhleb
Trog
Uskayaw
The Shining One

Shops:
D:6 [


Innate Abilities, Weirdness & Mutations

You reflexively headbutt those who attack you in melee.
You have a pair of horns on your head.


Message History

Your Armour skill increases to level 8!
You barely miss the orc warrior.
The orc warrior hits you from afar with a +0 trident!
The orc warrior hits you with a +0 glaive!
The orc warrior hits you with a +0 trident!!
Things that are here:
a +0 glaive; a +0 ring mail; an orc corpse You closely miss the orc warrior. x2
You are no longer berserk.
You are exhausted.
You feel yourself slow down.
You hit the orc warrior. Your headbutt misses the orc warrior.
The orc warrior is lightly wounded.
You hit the orc warrior but do no damage.
The orc warrior closely misses you. The orc warrior barely misses you.
You furiously retaliate!
You headbutt the orc warrior.
The orc warrior hits you with a +0 glaive!!
* * * LOW HITPOINT WARNING * * *
The orc warrior hits you with a +0 trident!!
You die...

.......≈..^.o≈..
......≈#∩)##≈..
#######....≈≈#.#≈≈..
##....##.....≈≈≈≈≈...
##.....##.............
##..#'''##.............
#..##∩.∩##..##.........
#.####'####.##.........
#.')#o@)#)'.##.........
#.###.8o###.##.........
#.')#?.)#)'.##.........
#.#########.##.........
#..##)#)##..#..........
##..#'#'#..##..........
##.......##...........
#########....≈≈≈≈≈...
....≈≈#o#≈≈..


You could see 2 orc warriors.

Vanquished Creatures
  An orc knight (Bailey)
  Grinder (D:5)
  A water moccasin (D:5)
  4 orc warriors (Bailey)
  An ice beast (D:6)
  A phantom (D:7)
  An ogre (D:5)
  A bullfrog (D:7)
  3 scorpions
  5 wights (D:6)
  A howler monkey (D:4)
  2 crimson imps (D:6)
  2 hounds (D:6)
  A bullfrog skeleton (D:5)
  4 orc priests
  A jelly (D:5)
  An orc wizard (D:3)
  8 worker ants
  A hound zombie (D:7)
  A worker ant zombie (D:6)
  8 adders
  A shadow imp (D:2)
  2 oozes
  3 worms
  2 dart slugs (D:1)
  5 leopard geckos
  12 orcs
  A ball python (D:2)
  7 bats
  6 giant cockroaches
  9 goblins
  10 hobgoblins
  9 jackals (D:1)
  3 kobolds (D:1)
  3 quokkas
  2 frilled lizards (D:5)
  8 rats
132 creatures vanquished.

Vanquished Creatures (collateral kills)
  An orc warrior (Bailey)
  2 orcs (Bailey)
3 creatures vanquished.

Vanquished Creatures (others)
  An orc (D:6)
  A quokka (D:6)
2 creatures vanquished.

Grand Total: 137 creatures vanquished

Notes
Turn   | Place    | Note
-------+----------+-------------------------------------------
     0 | D:1      | nikopol the Minotaur Berserker began the quest for the Orb.
     0 | D:1      | Reached XP level 1. HP: 19/19 MP: 0/0
    87 | D:1      | Reached XP level 2. HP: 16/27 MP: 1/1
   118 | D:1      | Reached skill level 4 in Axes
   313 | D:1      | Reached XP level 3. HP: 24/33 MP: 2/2
   330 | D:1      | Reached ** piety under Trog
   834 | D:2      | Reached XP level 4. HP: 8/41 MP: 3/3
   857 | D:2      | HP: 2/41 [poisoned by an adder]
  1301 | D:2      | Reached skill level 5 in Axes
  1867 | D:3      | Reached *** piety under Trog
  1867 | D:3      | Reached XP level 5. HP: 44/47 MP: 4/4
  1973 | D:3      | Found a bloodstained altar of Trog.
  2295 | D:3      | Found a faded altar of an unknown god.
  2295 | D:3      | Found a faded altar of an unknown god.
  2300 | D:3      | Found a burning altar of Makhleb.
  2302 | D:3      | Found a glowing golden altar of the Shining One.
  2304 | D:3      | Found a hide-covered altar of Uskayaw.
  2344 | D:4      | Reached skill level 1 in Stealth
  2414 | D:4      | Reached skill level 5 in Fighting
  2414 | D:4      | Reached skill level 6 in Axes
  2414 | D:4      | Reached XP level 6. HP: 54/56 MP: 5/5
  2963 | D:5      | Entered Level 5 of the Dungeon
  2963 | D:5      | Noticed Grinder
  2980 | D:5      | Killed Grinder
  2980 | D:5      | Reached skill level 7 in Axes
  2980 | D:5      | Reached XP level 7. HP: 61/61 MP: 6/6
  3055 | D:5      | Found a staircase to the Ecumenical Temple.
  3068 | D:5      | Reached skill level 5 in Armour
  3078 | D:5      | Found a snail-covered altar of Cheibriados.
  3192 | D:5      | Reached skill level 8 in Axes
  3342 | D:5      | Reached XP level 8. HP: 47/69 MP: 7/7
  3559 | D:6      | Reached **** piety under Trog
  3740 | D:6      | Received a gift from Trog
  4192 | D:6      | Found Badiklyt's Armour Emporium.
  4199 | D:6      | Reached skill level 9 in Axes
  4285 | D:6      | Found a bloodstained altar of Trog.
  4479 | D:6      | Found a white marble altar of Elyvilon.
  4677 | D:7      | Reached skill level 5 in Dodging
  4681 | D:7      | Found a flagged portal.
  4690 | Bailey   | Entered a bailey
  5576 | Bailey   | Reached skill level 10 in Axes
  5896 | Bailey   | Reached XP level 9. HP: 66/78 MP: 8/8
  5984 | Bailey   | Noticed an orc knight
  5991 | Bailey   | Killed an orc knight
  5994 | Bailey   | Mangled by an orc warrior

Levels and vault maps discovered:
D:1:      minmay_arrival_split_and_join, layout_basic
D:2:      layout_basic, serial_rivers, chequers_serial_rivers_micro_e,
          chequers_serial_rivers_large_b, chequers_serial_rivers_micro_c,
          chequers_serial_rivers_micro_b, chequers_serial_rivers_marsh
D:3:      layout_loops_ring, chequers_temple_overflow_minitemple,
          trog_three_pillars_becter
D:4:      layout_loops_ring
D:5:      layout_rooms, lemuel_crystal_altar, minmay_temple_entry_wispy,
          first_ration, uniq_grinder
D:6:      layout_loops_ring, elyvilon_altar_4, lightli_temple_of_fire,
          serial_shops, nicolae_shop_trees
D:7:      layout_loops_ring, enter_bailey_2, serial_shops, shop_fountains
Bailey:   bailey_polearm_2, bailey

Skill      XL: |  1  2  3  4  5  6  7  8  9 |
---------------+----------------------------+-----
Fighting       | 4 5 6 |  6.8
Axes           | 4 5 6 7 8 10 | 10.7
Dodging        | 3 4 5 |  5.2
Armour         | 3 4 5 7 8 |  8.7
Stealth        | 1 |  1.6
Evocations     | |  0.4

Action                   |  1- 3 |  4- 6 |  7- 9 || total
-------------------------+-------+-------+-------++-------
Melee: Hand axe          |    72 |   150 |    98 ||   320
       Headbutt          |     9 |    24 |    33 ||    66
       War axe           |       |       |    74 ||    74
Invok: Berserk           |       |     1 |     1 ||     2
Evoke: Wand              |       |       |     3 ||     3
  Use: Scroll            |       |       |     9 ||     9
  Eat: Chunk             |       |     6 |    11 ||    17
Armor: Animal skin       |     8 |       |       ||     8
       Scale mail        |     2 |    42 |    49 ||    93
Dodge: Dodged            |    55 |    82 |    95 ||   232

Table legend:
 A = Non-vault XP
 B = Vault XP
 C = Vault XP percentage of total XP
 D = Non-vault monster count
 E = Vault monster count
 F = Vault count percentage of total count
                 A         B        C        D         E       F
            +---------+---------+-------+---------+---------+-------
      Total |    2240 |    1518 |  40.4 |     123 |      12 |   8.9
            +---------+---------+-------+---------+---------+-------
        D:1 |      69 |       0 |   0.0 |      32 |       0 |   0.0
        D:2 |     107 |       0 |   0.0 |      25 |       0 |   0.0
        D:3 |     118 |       0 |   0.0 |      15 |       0 |   0.0
        D:4 |     277 |       0 |   0.0 |      11 |       0 |   0.0
        D:5 |     590 |     272 |  31.6 |      17 |       1 |   5.6
        D:6 |     837 |       0 |   0.0 |      18 |       0 |   0.0
        D:7 |     242 |       0 |   0.0 |       5 |       0 |   0.0
     Bailey |       0 |    1246 | 100.0 |       0 |      11 | 100.0
            +---------+---------+-------+---------+---------+-------
